Map: Über den Dächern

Players

IIIIIIIIIII

  • Race: Zerg Zerg
  • League: Diamond
  • Spawn Location: 5:00

Kayzer

  • Race: Zerg Zerg
  • League: Diamond
  • Spawn Location: 6:00

ŤħĨęŦ

  • Race: Protoss Protoss
  • League: Master
  • Spawn Location: 6:00

Dumblescroc

  • Race: Terran Terran
  • League: Master
  • Spawn Location: 7:00

PurpleStain

  • Race: Terran Terran
  • League: Diamond
  • Spawn Location: 12:00

aGaham

  • Race: Zerg Zerg
  • League: Grandmaster
  • Spawn Location: 1:00

Grant

  • Race: Protoss Protoss
  • League: Diamond
  • Spawn Location: 12:00

Mjolkie

  • Race: Zerg Zerg
  • League: Diamond
  • Spawn Location: 11:00

VOD

Have the link to the VOD?

Description

Time

  • Played on: June 1, 2018, 1:17 p.m.
  • Length: 14:04
Show
View Real Time Build Order
Export as new Build Order

IIIIIIIIIII Zerg 

Build Orders: Hatch First, Lurkers, Zergling Baneling 

Get SALT Encoding   

  12  0:01  Drone  
  13  0:14  Overlord  
  13  0:19  Drone  
  14  0:33  Drone x2  
  16  0:38  Drone  
  17  0:56  Hatchery  
  16  0:57  Drone  
  16  1:01  Drone  
  18  1:11  Extractor  
  17  1:16  Spawning Pool  
  16  1:19  Drone  
  16  1:22  Drone  
  18  1:33  Drone  
  19  1:47  Overlord  
  19  1:55  Drone  
  20  2:05  Zergling x2  
  21  2:09  Queen  
  21  2:10  Metabolic Boost  
  21  2:13  Queen  
  21  2:15  Drone x2  
  27  2:21  Overlord  
  27  2:28  Zergling x2  
  28  2:34  Zergling x2  
  29  2:37  Baneling Nest  
  29  2:39  Drone  
  29  2:42  Drone  
  30  2:56  Zergling x6  
  33  3:06  Zergling x2  
  33  3:07  Zergling x2  
  34  3:21  Drone x4  
  34  3:26  Zergling x4  
  40  3:28  Baneling x2  
  40  3:37  Drone x4  
  44  3:44  Overlord x2  
  44  3:48  Baneling x2  
  44  3:49  Baneling x4  
  44  3:55  Overlord  
  44  3:56  Overlord x2  
  43  4:16  Zergling x12  
  43  4:17  Zergling x2  
  42  4:27  Zergling x2  
  43  4:38  Extractor  
  42  4:39  Extractor, Drone x4  
  42  4:40  Drone  
  42  4:43  Lair  
  42  4:44  Hatchery  
  45  4:47  Roach Warren  
  45  4:50  Zergling x2  
  45  4:51  Zergling x2  
  45  5:00  Baneling x2  
  45  5:06  Drone x3  
  48  5:07  Drone x2  
  48  5:08  Drone  
  48  5:11  Drone x2  
  51  5:25  Zergling x4  
  52  5:41  Zergling x4, Roach  
  52  5:42  Roach x4  
  59  5:46  Glial Reconstitution  
  58  5:53  Drone, Evolution Chamber x2  
  58  5:54  Drone  
  58  5:59  Drone x2  
  58  6:00  Drone x3  
  58  6:01  Queen  
  65  6:07  Zergling x6  
  68  6:16  Drone x4  
  72  6:23  Drone x5  
  76  6:27  Zerg Missile Weapons Level 1  
  76  6:29  Zerg Ground Armor Level 1  
  76  6:31  Roach  
  78  6:41  Spore Crawler  
  78  6:43  Spine Crawler  
  78  6:46  Spore Crawler  
  75  6:49  Spine Crawler  
  75  6:52  Spore Crawler  
  72  6:55  Spine Crawler  
  72  6:56  Spore Crawler  
  67  7:02  Roach x3  
  67  7:03  Roach x3  
  79  7:14  Extractor  
  78  7:18  Extractor  
  78  7:21  Drone x3  
  79  7:23  Extractor, Drone x3  
  78  7:30  Hydralisk Den, Drone x5  
  78  7:32  Drone x4  
  76  7:45  Roach x5  
  86  7:52  Overlord x3  
  86  8:00  Drone x4  
  86  8:03  Overlord x2  
  90  8:08  Muscular Augments  
  90  8:11  Hydralisk  
  92  8:16  Roach x3  
  98  8:33  Zerg Missile Weapons Level 2  
  98  8:34  Zerg Ground Armor Level 2  
  98  8:38  Hydralisk x4  
  106  8:47  Hydralisk x4  
  114  9:01  Queen  
  114  9:02  Hydralisk x4  
  124  9:16  Overseer  
  124  9:19  Grooved Spines  
  128  9:24  Roach x3  
  128  9:25  Infestation Pit  
  128  9:27  Overlord  
  128  9:28  Overlord x6  
  123  9:47  Hydralisk x7  
  115  10:03  Hydralisk x3  
  115  10:04  Hydralisk x4  
  113  10:13  Overseer x2  
  113  10:18  Pneumatized Carapace  
  113  10:24  Zergling x8  
  113  10:25  Zergling x4  
  119  10:34  Hive  
  119  10:37  Hydralisk x4  
  119  10:41  Roach x4  
  135  10:43  Zergling x2  
  136  10:52  Hydralisk x4  
  144  11:00  Lurker Den  
  92  11:21  Roach x5  
  92  11:22  Roach x8  
  94  11:38  Roach x7  
  104  11:54  Hydralisk x3  
  104  11:55  Hydralisk x4  
  112  12:16  Hydralisk  
  112  12:17  Hydralisk x7  
  112  12:22  Hydralisk x2  
  114  12:33  Lurker x2  
  88  12:54  Lurker x3  
  88  12:55  Lurker  
  88  12:59  Roach x5  
  88  13:00  Roach x7  
Show
View Real Time Build Order
Export as new Build Order

Kayzer Zerg 

Build Orders: Hatch First 

Get SALT Encoding   

  12  0:01  Drone  
  13  0:15  Overlord  
  13  0:21  Drone  
  14  0:34  Drone x2  
  16  0:42  Drone  
  17  0:48  Drone  
  18  1:04  Extractor  
  18  1:08  Hatchery  
  16  1:19  Spawning Pool, Drone  
  16  1:21  Drone  
  17  1:28  Drone  
  17  1:31  Drone  
  19  1:46  Overlord  
  19  1:56  Drone  
  20  2:06  Metabolic Boost  
  20  2:07  Queen  
  21  2:16  Zergling x4  
  21  2:19  Queen  
  21  2:22  Zergling x2  
  26  2:28  Drone  
  27  2:33  Drone  
  28  2:38  Drone  
  29  3:01  Overlord  
  29  3:02  Overlord  
  28  3:21  Baneling Nest  
  27  3:35  Zergling x2  
  27  3:36  Zergling x10  
  33  3:47  Zergling x2  
  34  3:55  Hatchery  
  33  3:58  Zergling x10  
  38  4:09  Overlord x2  
  38  4:10  Zergling x2  
  38  4:11  Zergling x2  
  34  4:27  Zergling x8  
  34  4:28  Zergling x4  
  37  4:40  Zergling x2  
  37  4:41  Zergling x6  
  41  4:49  Baneling x4  
  41  4:57  Zergling x6  
  41  4:58  Zergling x2  
  41  5:21  Zergling x2  
  41  5:22  Zergling x12  
  41  5:35  Zergling x2  
  41  5:36  Zergling x8  
  44  5:44  Zergling x4  
  41  6:02  Drone  
  41  6:03  Drone x5  
  45  6:09  Drone  
  44  6:13  Drone  
  44  6:16  Lair  
  38  6:33  Drone x6  
  38  6:34  Drone  
  45  6:43  Zergling x2  
  45  6:44  Zergling x8  
  49  6:50  Zergling x6  
  49  7:07  Evolution Chamber  
  49  7:08  Drone x2  
  49  7:11  Drone  
  51  7:19  Hydralisk Den  
  50  7:24  Drone x3  
  50  7:25  Overlord x2  
  50  7:26  Overlord  
  52  7:41  Zerg Ground Armor Level 1  
  52  7:43  Drone x3  
  55  7:46  Drone x2  
  55  7:47  Drone  
  55  7:49  Extractor x2, Queen  
  58  7:55  Extractor x2, Drone x4  
  58  7:56  Drone  
  61  7:59  Drone x3  
  61  8:00  Queen  
  61  8:03  Grooved Spines  
  61  8:04  Extractor  
  65  8:08  Centrifical Hooks  
  65  8:10  Baneling x3  
  65  8:11  Baneling  
  65  8:12  Baneling x2  
  65  8:13  Baneling  
  65  8:27  Drone  
  65  8:28  Drone x2  
  67  8:55  Hydralisk  
  67  8:56  Hydralisk x5  
  79  9:03  Drone  
  79  9:04  Drone x6  
  79  9:09  Hydralisk  
  86  9:12  Overlord x2  
  88  9:20  Drone  
  88  9:22  Overlord x3  
  89  9:31  Overlord  
  89  9:32  Overlord  
  89  9:33  Evolution Chamber  
  89  9:36  Zerg Missile Weapons Level 1, Muscular Augments  
  86  9:44  Hydralisk  
  86  9:45  Hydralisk x6  
  83  9:49  Hatchery  
  94  9:53  Hydralisk x2  
  98  10:05  Drone  
  98  10:06  Drone x7  
  106  10:28  Spine Crawler  
  106  10:34  Spore Crawler  
  104  10:35  Spine Crawler  
  104  10:37  Roach Warren  
  102  10:44  Lurker Den  
  102  10:45  Infestation Pit  
  102  10:46  Drone x2  
  102  10:47  Drone  
  103  11:03  Hydralisk x2  
  103  11:04  Hydralisk x10  
  88  11:36  Roach  
  88  11:37  Roach x6  
  88  11:38  Roach x11  
  101  11:47  Overseer  
  101  11:48  Overseer  
  92  12:07  Roach  
  92  12:08  Roach x3  
  89  12:11  Overlord x3  
  83  12:16  Roach x2  
  83  12:18  Drone  
  74  12:26  Drone  
  74  12:27  Drone x2  
  74  12:28  Lair  
  75  12:36  Unknown  
  61  12:57  Hatchery  
  52  12:59  Roach x6  
  64  13:08  Hatchery  
  64  13:11  Evolution Chamber  
  64  13:12  Evolution Chamber  
  61  13:18  Roach x2  
  65  13:22  Roach x2  
  69  13:40  Roach x7  
Show
View Real Time Build Order
Export as new Build Order

ŤħĨęŦ Protoss 

Build Orders:  

Get SALT Encoding   

  12  0:06  Probe  
  13  0:18  Probe  
  14  0:29  Pylon  
  14  0:30  Probe  
  14  0:35  Assimilator  
  15  0:47  Probe  
  16  0:56  Probe  
  16  0:59  Gateway  
  17  1:04  Probe  
  18  1:14  Probe  
  19  1:29  Probe  
  20  1:41  Probe  
  20  1:44  Assimilator  
  21  1:53  Cybernetics Core  
  21  1:55  Gateway  
  21  2:03  Probe, Nexus  
  22  2:11  Probe  
  23  2:24  Forge  
  23  2:31  Pylon  
  23  2:32  Warp Gate  
  23  2:47  Pylon  
  23  2:49  Stalker x2  
  27  3:26  Stalker x2  
  31  3:35  Photon Cannon  
  31  3:39  Gateway  
  31  4:00  Gateway  
  31  4:02  Gateway  
  31  4:16  Probe  
  32  4:37  Stalker  
  34  4:40  Stalker x2  
  38  4:51  Probe x2  
  38  4:52  Pylon  
  38  4:54  Pylon  
  38  4:59  Probe x2  
  42  5:08  Robotics Facility  
  42  5:11  Stalker  
  42  5:13  Stalker  
  46  6:16  Warp Prism  
  48  6:31  Stalker x2  
  48  6:32  Stalker x3  
  54  6:53  Observer  
  47  7:24  Stalker x3  
  37  8:10  Stalker x5  
  47  8:13  Protoss Shields Level 1  
  47  8:23  Nexus  
  47  8:25  Pylon  
  47  8:29  Pylon  
  47  8:39  Stalker x2  
  37  9:28  Twilight Council  
  37  9:43  Forge  
  37  9:45  Forge  
  37  9:53  Probe  
  38  10:01  Probe  
  39  10:09  Templar Archives  
  39  10:25  Psionic Storm  
  39  10:36  Assimilator  
  39  10:37  Assimilator  
  39  10:42  Pylon  
  39  10:51  High Templar x4  
  39  10:52  High Templar  
  49  11:18  Nexus  
  48  11:30  Archon x2  
  48  11:48  Charge  
  48  11:54  High Templar x3  
  34  12:17  High Templar  
  34  12:20  Zealot  
  38  12:25  Observer  
  39  12:39  High Templar  
  31  12:59  Photon Cannon  
  31  13:00  Zealot x2  
  31  13:01  Zealot x2  
  28  13:20  Photon Cannon  
  28  13:22  Photon Cannon  
  28  13:23  Photon Cannon  
  28  13:24  Photon Cannon  
  24  13:30  Adept x3  
  18  13:49  Forge  
Show
View Real Time Build Order
Export as new Build Order

Dumblescroc Terran 

Build Orders:  

Get SALT Encoding   

  12  0:00  SCV  
  13  0:12  SCV  
  14  0:23  Supply Depot  
  14  0:25  SCV  
  15  0:45  SCV  
  16  0:52  Barracks  
  16  1:03  SCV  
  17  1:05  Refinery  
  17  1:11  Barracks  
  17  1:15  SCV  
  17  1:18  Refinery  
  18  1:27  SCV  
  20  1:42  Orbital Command  
  19  1:47  Ghost Academy  
  19  1:57  Ghost Academy  
  19  2:03  Barracks Tech Lab  
  19  2:09  SCV  
  20  2:21  Supply Depot, SCV  
  21  2:33  Factory  
  21  2:36  SCV  
  22  2:47  Ghost  
  22  2:51  Barracks Tech Lab  
  24  2:54  SCV  
  25  3:06  SCV  
  26  3:19  Nuke  
  26  3:21  Nuke  
  26  3:38  Command Center  
  26  3:43  SCV  
  26  3:46  Supply Depot  
  27  3:49  Ghost  
  29  3:56  SCV  
  30  4:08  SCV  
  31  4:12  Refinery  
  31  4:13  Personal Cloaking  
  31  4:19  Refinery  
  31  4:20  SCV  
  32  4:32  SCV  
  33  4:48  Ghost  
  33  4:50  Orbital Command, SCV  
  36  5:02  SCV  
  37  5:14  SCV  
  37  5:16  Ghost  
  37  5:18  Supply Depot, SCV  
  41  5:26  SCV  
  42  5:30  SCV  
  43  5:42  Supply Depot  
  43  5:45  Ghost  
  40  6:20  SCV  
  40  6:21  SCV  
  36  6:26  Starport, Barracks  
  36  6:27  Ghost  
  38  6:33  SCV x2  
  40  6:45  SCV x2  
  40  6:46  Engineering Bay  
  38  6:55  Ghost  
  40  7:16  Barracks  
  40  7:22  SCV  
  41  7:23  SCV  
  41  7:24  Ghost  
  41  7:29  Barracks Tech Lab  
  44  7:30  Command Center  
  44  7:34  Missile Turret, SCV  
  44  7:35  SCV  
  46  7:37  Missile Turret, Barracks Tech Lab  
  46  7:40  Starport Reactor  
  46  7:47  SCV x2  
  48  7:53  Supply Depot  
  48  7:55  Ghost x2  
  48  7:56  Ghost  
  54  7:59  Nuke, SCV  
  54  8:00  Nuke  
  55  8:06  Ghost Academy  
  55  8:08  Ghost Academy  
  55  8:09  SCV  
  55  8:11  SCV  
  57  8:22  Missile Turret, SCV  
  57  8:23  Barracks Tech Lab, SCV  
  57  8:25  Ghost x3  
  63  8:34  SCV  
  63  8:39  SCV  
  65  8:42  Orbital Command, Missile Turret  
  65  8:44  Refinery  
  65  8:46  SCV, Ghost  
  68  8:48  Medivac  
  68  8:51  SCV  
  68  8:53  Ghost  
  73  8:57  Ghost  
  73  8:58  SCV  
  76  9:03  SCV  
  76  9:06  Barracks  
  76  9:08  Refinery, SCV  
  76  9:09  Barracks  
  78  9:10  SCV  
  78  9:11  Barracks  
  78  9:15  SCV  
  78  9:16  Nuke  
  78  9:17  Nuke  
  80  9:20  SCV  
  80  9:22  Ghost Academy  
  80  9:24  SCV  
  82  9:27  SCV  
  83  9:32  SCV  
  84  9:45  Ghost x2  
  86  9:50  Ghost  
  86  9:51  SCV  
  86  9:52  SCV  
  92  9:57  SCV  
  92  9:59  Barracks Reactor x2  
  89  10:26  Barracks Reactor  
  89  10:27  Ghost x3  
  91  10:33  Terran Infantry Weapons Level 1  
  91  10:37  Engineering Bay  
  91  10:42  Supply Depot  
  91  10:43  Supply Depot  
  91  10:44  Supply Depot  
  91  10:46  Nuke x2, Supply Depot  
  91  10:51  Ghost Academy  
  91  10:54  Ghost Academy  
  91  10:58  Ghost Academy  
  91  11:01  Ghost Academy  
  91  11:03  Nuke  
  91  11:15  Terran Infantry Armor Level 1  
  91  11:23  Ghost x2  
  91  11:24  Marine x6  
  91  11:25  Marine x2  
  103  11:41  Marine  
  103  11:42  Marine x6  
  103  11:43  Marine  
  109  11:52  Marine x2  
  111  11:59  Marine  
  102  12:09  Marine, Ghost x3  
  102  12:10  Marine x4, Ghost  
  115  12:17  Marine  
  115  12:22  Nuke x2  
  116  12:27  Marine  
  116  12:28  Marine x4  
  113  12:35  Marine  
  108  12:38  Marine x2, Ghost x2  
  103  12:45  Marine x3  
  103  12:46  Marine  
  80  13:08  Marine x2, Ghost x4  
  80  13:09  Marine  
  90  13:19  Marine  
  89  13:26  Marine x2  
  89  13:37  Marine  
Show
View Real Time Build Order
Export as new Build Order

PurpleStain Terran 

Build Orders:  

Get SALT Encoding   

  12  0:01  SCV  
  13  0:13  SCV  
  14  0:21  Supply Depot  
  14  0:25  SCV  
  15  0:42  SCV  
  16  0:48  Barracks  
  16  0:51  Refinery  
  16  0:54  SCV  
  17  1:06  SCV  
  18  1:20  SCV  
  19  1:32  SCV  
  20  1:37  Reaper  
  21  1:45  Command Center  
  21  1:48  Orbital Command  
  21  2:09  Reaper  
  22  2:17  SCV  
  22  2:22  Supply Depot  
  23  2:26  Refinery  
  23  2:33  Factory  
  24  2:44  SCV  
  23  3:20  SCV  
  23  3:22  Barracks Reactor  
  23  3:26  Supply Depot  
  24  3:29  Bunker  
  24  3:30  Cyclone  
  28  3:36  Orbital Command  
  27  3:43  Command Center  
  27  4:02  Supply Depot  
  25  4:19  Hellion x2  
  25  4:43  SCV  
  25  4:44  SCV, Factory  
  25  4:45  Factory x2  
  27  4:55  Orbital Command, SCV  
  27  4:56  SCV  
  29  5:08  Hellion x2  
  29  5:10  Barracks Reactor  
  31  5:28  Hellion  
  31  5:29  Hellion x2  
  24  5:44  Hellion  
  26  5:50  Hellion  
  15  6:18  Cyclone  
  15  6:19  Cyclone  
  15  6:20  Hellion  
  20  6:34  SCV x2  
  20  6:35  SCV  
  23  6:46  SCV x2  
  27  6:48  Factory  
  27  6:50  Factory  
  8  7:13  SCV x2  
  9  7:25  Orbital Command, SCV x2  
  11  7:33  Cyclone x2  
  17  7:37  SCV  
  17  7:39  SCV  
  17  7:44  Supply Depot  
  19  7:46  Refinery  
  19  7:48  Refinery  
  19  7:49  SCV  
  19  7:51  SCV  
  21  7:52  Hellion  
  21  7:55  SCV  
  24  8:01  SCV  
  24  8:03  SCV  
  26  8:07  SCV  
  26  8:09  Hellion x2  
  31  8:13  SCV  
  31  8:15  SCV  
  31  8:19  SCV  
  34  8:25  SCV  
  35  8:27  SCV  
  35  8:31  SCV, Barracks  
  37  8:37  SCV  
  37  8:39  SCV  
  39  8:42  Factory Reactor  
  39  8:43  SCV  
  39  8:44  Factory Reactor  
  39  8:45  Hellion  
  42  8:49  SCV  
  42  8:51  SCV  
  44  8:56  SCV  
  44  9:01  SCV  
  44  9:03  SCV  
  44  9:08  Refinery, SCV  
  44  9:09  Refinery  
  42  9:11  Refinery  
  42  9:14  SCV  
  42  9:15  SCV  
  44  9:18  Factory Tech Lab  
  44  9:20  SCV  
  44  9:22  Cyclone x2  
  44  9:23  Hellion  
  53  9:28  Supply Depot  
  53  9:29  Supply Depot  
  53  9:31  Supply Depot  
  53  9:42  Infernal Pre-Igniter  
  53  9:49  SCV x3  
  53  9:50  Hellion x2  
  53  9:51  Hellion  
  58  10:01  SCV x3  
  58  10:02  Cyclone x2  
  64  10:12  Cyclone  
  71  10:14  SCV, Hellion x2  
  71  10:15  SCV x2  
  74  10:22  Refinery  
  74  10:25  Supply Depot  
  74  10:26  Supply Depot  
  74  10:27  SCV x3  
  77  10:46  SCV, Hellion x3  
  77  10:48  Hellion  
  86  10:52  Cyclone  
  87  11:08  Cyclone  
  81  11:16  Cyclone x2  
  81  11:17  Cyclone  
  90  11:20  SCV x3  
  93  11:32  SCV x2  
  93  11:49  Armory  
  93  11:52  Armory  
  93  12:09  Cyclone, SCV  
  93  12:10  Cyclone  
  93  12:11  Cyclone  
  93  12:12  Cyclone  
  93  12:13  Cyclone  
  83  12:29  Command Center  
  74  12:30  Command Center  
  74  12:31  Command Center  
  74  12:34  Command Center  
  74  12:41  Cyclone  
  74  12:42  Cyclone  
  74  12:44  Cyclone  
  83  12:45  Cyclone  
  83  13:06  Cyclone  
  86  13:13  Cyclone  
  89  13:28  Cyclone  
Show
View Real Time Build Order
Export as new Build Order

aGaham Zerg 

Build Orders: Hatch First 

Get SALT Encoding   

  12  0:01  Drone  
  13  0:14  Overlord  
  13  0:21  Drone  
  14  0:33  Drone x2  
  16  0:39  Drone  
  17  0:53  Hatchery  
  17  0:56  Drone  
  17  1:01  Drone  
  18  1:14  Spawning Pool  
  18  1:18  Drone  
  18  1:20  Drone  
  19  1:31  Drone  
  20  1:44  Hatchery  
  19  1:48  Drone  
  19  1:52  Extractor  
  19  1:57  Drone  
  20  2:01  Queen  
  22  2:09  Queen  
  22  2:14  Drone  
  25  2:15  Drone  
  25  2:18  Drone  
  27  2:25  Overlord  
  27  2:29  Drone  
  28  2:43  Overlord  
  28  2:47  Drone x3  
  31  2:57  Drone x3  
  34  2:58  Queen  
  34  3:02  Metabolic Boost  
  36  3:09  Drone x3  
  39  3:15  Baneling Nest  
  39  3:19  Zergling x2  
  39  3:21  Drone x2  
  39  3:25  Drone x2  
  43  3:29  Overlord  
  43  3:32  Zergling x2  
  43  3:33  Zergling x2  
  45  3:37  Zergling x4  
  47  3:46  Drone x3  
  50  3:49  Drone x4  
  50  3:50  Drone  
  55  3:56  Overlord x2  
  55  3:59  Baneling x2  
  55  4:00  Baneling x2  
  55  4:01  Baneling  
  55  4:04  Extractor  
  55  4:05  Extractor  
  55  4:06  Zergling x4  
  54  4:18  Baneling x2  
  51  4:24  Zergling x2  
  51  4:25  Zergling x12  
  58  4:36  Drone x7  
  58  4:37  Drone  
  66  4:41  Lair  
  66  4:45  Drone  
  67  4:49  Extractor  
  66  4:53  Drone x3  
  66  5:04  Drone x5  
  71  5:13  Zergling x14  
  72  5:18  Zergling x2  
  70  5:35  Drone x4  
  63  5:44  Hydralisk Den  
  62  5:50  Drone x9  
  62  5:51  Drone, Queen  
  70  6:10  Overlord x2  
  70  6:11  Overlord x4  
  70  6:16  Overlord x2  
  70  6:17  Overlord  
  67  6:22  Hydralisk  
  65  6:28  Hydralisk x6  
  65  6:32  Hydralisk  
  74  6:36  Hydralisk x2  
  74  6:37  Hydralisk x2  
  82  6:44  Hydralisk Den  
  77  6:55  Spawning Pool, Hydralisk x5  
  86  7:02  Drone x3  
  86  7:03  Drone x2  
  91  7:14  Hydralisk  
  93  7:16  Overlord x2  
  89  7:32  Hydralisk x2  
  89  7:39  Drone  
  89  7:40  Drone x5  
  95  7:46  Extractor  
  95  7:47  Extractor  
  95  7:48  Queen  
  95  7:49  Queen x2  
  95  7:51  Drone x6  
  105  8:00  Drone x3  
  105  8:01  Baneling Nest  
  107  8:13  Hydralisk x3  
  107  8:14  Evolution Chamber x2  
  107  8:16  Muscular Augments  
  111  8:22  Hydralisk  
  111  8:23  Hydralisk x4  
  121  8:33  Overlord x3  
  121  8:34  Overlord  
  121  8:40  Hydralisk  
  123  8:49  Hydralisk x2  
  123  8:54  Zerg Ground Armor Level 1, Zerg Melee Weapons Level 1  
  127  9:00  Zergling x6  
  127  9:01  Zergling x18  
  139  9:06  Centrifical Hooks  
  139  9:17  Hydralisk x4  
  139  9:18  Hydralisk  
  149  9:30  Hydralisk x4  
  125  9:45  Hydralisk x2, Grooved Spines  
  125  9:46  Hydralisk x3  
  125  9:49  Hydralisk  
  133  9:59  Hydralisk x4  
  127  10:09  Overseer  
  127  10:10  Pneumatized Carapace  
  127  10:13  Zergling x24  
  127  10:14  Zergling x2  
  140  10:31  Hydralisk  
  140  10:32  Hydralisk x5  
  152  10:41  Overlord x6  
  152  10:43  Zergling x6  
  155  10:50  Zergling x6  
  155  10:52  Baneling x6  
  155  10:53  Baneling x11  
  158  10:58  Baneling x3  
  158  11:01  Zergling x4  
  158  11:02  Zergling x2  
  157  11:11  Zergling x12  
  137  11:31  Zergling x14  
  135  11:42  Zerg Missile Weapons Level 1  
  135  11:43  Zerg Ground Armor Level 2  
  132  11:47  Hydralisk x3  
  132  11:48  Hydralisk x7  
  143  12:01  Zergling x4  
  143  12:02  Zergling x8  
  146  12:13  Zergling x2  
  146  12:14  Zergling x8  
  108  12:32  Hydralisk  
  108  12:33  Hydralisk x6  
  122  12:43  Hydralisk x3  
  127  12:52  Overseer x3  
  119  13:03  Hydralisk x3  
  119  13:04  Hydralisk x7  
  117  13:25  Hydralisk x8  
  133  13:38  Baneling  
  133  13:39  Baneling x2  
  133  13:40  Zergling x14  
Show
View Real Time Build Order
Export as new Build Order

Grant Protoss 

Build Orders: Nexus First 

Get SALT Encoding   

  12  0:01  Probe  
  13  0:13  Probe  
  14  0:25  Probe  
  15  0:29  Pylon  
  15  0:47  Probe  
  16  1:01  Probe  
  16  1:02  Nexus  
  17  1:12  Gateway  
  17  1:17  Probe  
  18  1:22  Assimilator  
  18  1:28  Probe  
  18  1:32  Assimilator  
  19  1:36  Probe  
  19  1:45  Probe  
  20  1:53  Pylon  
  21  1:57  Probe  
  22  2:04  Cybernetics Core  
  22  2:08  Probe  
  22  2:11  Probe  
  24  2:16  Probe  
  24  2:19  Probe  
  25  2:24  Probe  
  25  2:29  Probe  
  27  2:35  Probe  
  27  2:36  Pylon  
  29  2:41  Probe, Warp Gate  
  30  2:45  Probe  
  30  2:49  Stalker  
  33  2:53  Probe x2  
  33  2:57  Assimilator  
  35  3:05  Probe  
  35  3:10  Probe  
  37  3:16  Probe  
  37  3:18  Twilight Council  
  38  3:20  Probe  
  38  3:24  Probe, Assimilator  
  39  3:28  Adept, Probe  
  39  3:32  Probe  
  43  3:38  Gateway  
  43  3:40  Gateway  
  44  3:42  Probe, Pylon  
  45  3:52  Probe  
  45  3:55  Adept  
  48  4:01  Probe  
  49  4:03  Dark Shrine  
  49  4:04  Probe  
  50  4:12  Robotics Facility  
  50  4:13  Probe  
  50  4:16  Probe  
  52  4:25  Probe  
  53  4:39  Probe  
  53  4:40  Nexus  
  53  4:45  Probe  
  55  4:51  Probe  
  55  4:52  Observer  
  57  5:02  Probe  
  58  5:09  Warp Prism, Probe  
  58  5:12  Pylon  
  61  5:20  Probe  
  62  5:27  Pylon  
  62  5:29  Pylon x2  
  62  5:31  Pylon  
  62  5:33  Pylon  
  62  5:38  Dark Templar x3  
  62  5:39  Forge  
  62  5:41  Forge  
  68  6:01  Probe  
  69  6:04  Pylon  
  69  6:06  Probe x2  
  71  6:13  Probe  
  71  6:18  Probe  
  73  6:30  Probe  
  73  6:31  Dark Templar x3  
  78  6:42  Probe x2  
  76  6:49  Assimilator, Protoss Ground Weapons Level 1, Protoss Ground Armor Level 1  
  74  6:55  Assimilator  
  74  7:12  Dark Templar x3  
  80  7:19  Gateway  
  80  7:20  Gateway  
  80  7:25  Gateway  
  80  7:27  Gateway x2  
  78  7:44  Pylon  
  74  7:45  Pylon  
  74  7:50  Gateway  
  74  7:52  Gateway, Dark Templar x3  
  74  7:55  Gateway  
  74  7:56  Probe x3  
  83  8:03  Observer  
  84  8:08  Probe  
  84  8:12  Probe  
  86  8:14  Pylon  
  86  8:18  Dark Templar  
  86  8:19  Dark Templar  
  90  8:25  Dark Templar x5  
  100  8:33  Protoss Ground Weapons Level 2, Protoss Ground Armor Level 2, Dark Templar  
  100  8:34  Gateway  
  94  9:02  Dark Templar x4  
  102  9:03  Dark Templar x2  
  102  9:08  Dark Templar  
  108  9:25  Dark Templar x2  
  108  9:26  Nexus  
  108  9:28  Pylon  
  108  9:31  Pylon  
  112  9:33  Pylon  
  112  9:35  Dark Templar  
  113  9:50  Pylon  
  113  9:52  Pylon  
  113  9:53  Pylon  
  113  10:07  Dark Templar  
  113  10:12  Dark Templar x2  
  113  10:13  Dark Templar x2  
  123  10:23  Photon Cannon  
  123  10:25  Dark Templar  
  123  10:26  Dark Templar  
  127  10:32  Shadow Stride  
  127  10:34  Dark Templar  
  129  10:36  Probe x3  
  132  10:55  Probe  
  133  11:03  Dark Templar x3  
  139  11:07  Probe  
  139  11:09  Assimilator  
  132  11:11  Assimilator  
  124  11:19  Probe  
  121  11:36  Probe x3  
  124  11:44  Dark Templar  
  124  11:45  Dark Templar x2  
  130  11:59  Dark Templar x2  
  134  12:06  Dark Templar  
  136  12:14  Dark Templar  
  138  12:16  Dark Templar  
  93  12:52  Dark Templar x2  
  93  12:53  Dark Templar x4  
  105  13:03  Pylon  
  105  13:07  Dark Templar  
  105  13:08  Dark Templar x2  
  111  13:30  Dark Templar  
  111  13:31  Dark Templar x3  
  119  13:38  Nexus  
  119  13:41  Assimilator  
  119  13:45  Assimilator  
Show
View Real Time Build Order
Export as new Build Order

Mjolkie Zerg 

Build Orders: Hatch First 

Get SALT Encoding   

  12  0:01  Drone  
  13  0:12  Overlord  
  13  0:20  Drone  
  14  0:34  Drone x2  
  16  0:39  Drone  
  17  1:00  Drone  
  17  1:01  Hatchery, Drone  
  18  1:15  Extractor  
  18  1:16  Spawning Pool  
  16  1:21  Drone x2  
  18  1:29  Drone  
  19  1:41  Overlord  
  19  2:03  Zergling x4  
  19  2:04  Queen  
  23  2:12  Queen  
  23  2:15  Drone x2  
  27  2:20  Metabolic Boost  
  27  2:23  Drone  
  27  2:24  Drone  
  29  2:35  Drone  
  29  2:36  Drone  
  31  2:49  Queen x2  
  35  2:52  Drone  
  35  2:53  Overlord  
  36  3:32  Drone  
  35  3:36  Drone x9  
  35  3:41  Hatchery  
  43  3:53  Zergling x2  
  44  4:02  Extractor  
  43  4:03  Extractor  
  43  4:05  Overlord  
  42  4:16  Drone x2  
  44  4:26  Queen  
  44  4:27  Queen  
  44  4:29  Drone x3  
  44  4:30  Drone  
  52  4:32  Overlord  
  52  4:33  Overlord x2  
  52  4:46  Baneling Nest, Drone  
  53  5:31  Hatchery  
  52  5:45  Zergling x22  
  60  5:58  Zergling x2  
  60  5:59  Zergling x2  
  60  6:04  Spore Crawler  
  60  6:05  Spore Crawler  
  54  6:34  Drone x6  
  54  6:35  Drone x3  
  54  6:39  Hatchery  
  62  6:41  Lair  
  62  6:44  Extractor  
  61  6:48  Queen  
  63  7:05  Zergling x18  
  63  7:24  Zergling x6  
  63  7:25  Zergling x8  
  69  7:30  Drone  
  69  7:31  Drone, Evolution Chamber  
  69  7:32  Evolution Chamber  
  69  7:43  Drone x5  
  69  7:44  Overlord x2  
  74  7:50  Infestation Pit  
  73  7:52  Hydralisk Den, Drone x3  
  75  8:00  Drone  
  75  8:01  Drone x3  
  79  8:05  Zerg Melee Weapons Level 1  
  79  8:06  Zerg Ground Armor Level 1  
  75  8:31  Hatchery  
  75  8:33  Overseer x2  
  72  8:35  Hive, Pneumatized Carapace  
  72  8:41  Hydralisk  
  72  8:42  Hydralisk x10  
  92  9:02  Drone x4  
  95  9:10  Grooved Spines  
  95  9:15  Extractor  
  94  9:18  Extractor  
  94  9:22  Drone x2  
  95  9:25  Overlord x4  
  95  9:44  Overlord, Drone  
  95  9:45  Overlord x3  
  96  9:57  Hydralisk x10  
  96  9:58  Zergling x22  
  127  10:05  Zerg Missile Weapons Level 1, Zerg Ground Armor Level 2  
  127  10:09  Adrenal Glands  
  127  10:30  Spore Crawler  
  127  10:31  Spore Crawler, Drone x11  
  127  10:34  Muscular Augments  
  136  10:38  Centrifical Hooks  
  136  10:54  Drone x8  
  144  10:57  Spore Crawler, Hydralisk x4  
  144  10:58  Hydralisk x5  
  144  11:01  Baneling x8  
  144  11:02  Baneling x5  
  161  11:04  Hydralisk x2  
  161  11:06  Spore Crawler  
  164  11:19  Overlord x2  
  164  11:20  Overlord x3  
  164  11:34  Overlord x3  
  164  11:37  Overseer x3, Queen x2  
  149  12:03  Overseer  
  149  12:05  Hydralisk x7  
  149  12:06  Zergling x26  
  149  12:07  Zergling x4  
  173  12:18  Extractor x2, Drone x3  
  173  12:21  Drone x2  
  176  12:41  Zergling x14  
  176  12:42  Zergling x16  
  186  12:55  Baneling x10  
  186  12:56  Zergling x8  
  186  12:57  Zergling x12  
  194  13:06  Drone  
  190  13:29  Hydralisk x6  
  191  13:42  Zergling x2  
  191  13:43  Zergling x20  
Tags
 
Add a new tag
Caveats
  • Supply blocks, unpowered buildings, or Contaminate may cause inaccurate times.
  • Supply counts are checked every 10 seconds.